 Dungeon Crawl Stone Soup version 0.25-a0-366-g516bc45ae0 (webtiles) character file.

Game seed: 4794534438276627167, levelgen mode: deterministic

984 Caramio the Cleaver (level 7, -1/62 HPs)
             Began as a Deep Dwarf Fighter on Jan 6, 2020.
             Slain by an ogre
             ... wielding a cursed -2 giant club
              (11 damage)
             ... on level 5 of the Dungeon.
             The game lasted 00:03:02 (3560 turns).

Caramio the Cleaver (Deep Dwarf Fighter)            Turns: 3560, Time: 00:03:02

Health: -1/62      AC:  9    Str: 22    XL:     7   Next: 97%
Magic:  7/7        EV:  9    Int:  8    God:
Gold:   128        SH: 10    Dex: 14    Spells: 6/6 levels left

rFire    + . .     SeeInvis .   Y - +0 war axe
rCold    + . .     Gourm    .   c - +0 shield
rNeg     . . .     Faith    .   o - +1 scale mail {rF+}
rPois    .         Spirit   .   (no helmet)
rElec    .         Reflect  .   (no cloak)
rCorr    .         Harm     .   d - +0 pair of gloves
MR       +....                  (no boots)
Stlth    ..........             (no amulet)
HPRegen  0.00/turn              m - ring of protection from cold
MPRegen  0.10/turn              a - +2 ring of dexterity

@: about to teleport, non-regenerating
A: damage resistance, heal wounds, sense surroundings 1, no regeneration
a: Heal Wounds


You were on level 5 of the Dungeon.
You were not hungry.

You visited 1 branch of the dungeon, and saw 5 of its levels.

You collected 128 gold pieces.


Innate Abilities, Weirdness & Mutations

You are resistant to damage.
You can heal yourself by infusing magical energy.
You passively map a small area around you.
You do not regenerate.


   Skills:
 - Level 3.0 Fighting
 - Level 9.3 Axes
 - Level 3.2 Armour
 - Level 2.4 Dodging
 + Level 4.5 Shields


You had 6 spell levels left.
You didn't know any spells.
Your spell library was empty.

Inventory:

Hand Weapons
 i - a +0 flail
 Y - a +0 war axe (weapon)
Armour
 c - a +0 shield (worn)
 d - a +0 pair of gloves (worn)
 o - a +1 scale mail of fire resistance (worn)
Jewellery
 a - a +2 ring of dexterity (right hand)
 b - an uncursed ring of magical power {unknown}
 m - a ring of protection from cold (left hand)
 n - an uncursed amulet of faith {unknown}
Wands
 g - a wand of flame (20)
Scrolls
 h - a scroll of remove curse
Potions
 j - a potion of agility {unknown}
 k - a potion of curing
 p - a potion of flight {unknown}
Comestibles
 e - 7 rations

Dungeon Overview and Level Annotations

Branches:
Dungeon (5/15)
 Temple: D:4-7

Altars:
Qazlal


Message History

The crimson imp blinks!
The phantom blinks!
The ogre barely misses you.
The crimson imp blinks!
You hit the ogre.
The ogre is lightly wounded.
The ogre hits you with a cursed -2 giant club!
You slash the ogre!
The ogre is heavily wounded.
You completely miss the phantom. The phantom barely misses you.
You hit the ogre.
The ogre is severely wounded.
You barely miss the phantom.
The ogre hits you with a cursed -2 giant club!!
The phantom blinks!
3560 ||| READING scroll of teleportation.
As you read the scroll of teleportation, it crumbles to dust.
You feel strangely unstable.
The ogre hits you with a cursed -2 giant club!
You die...

.............# #.#
############.# #.# ,
#.# #.# ,, #.# #.#
#.# #.# ,
######.###.#
#......#...#
#>....%#.###########
#..@W..#.#..........
#.O....#.#.########.
#..5...#.#.### #. *
#......#.....# #. ,
+...>..#...#.######.
#......#...#........
*
######.#............
, .#..#########.
#..# #.


You could see a phantom, an ogre and a crimson imp.

Vanquished Creatures
  Grinder (D:4)
  Sigmund (D:4)
  An ogre (D:4)
  2 crimson imps (D:4)
  2 orc priests (D:3)
  4 orc wizards (D:4)
  An iguana (D:4)
  Ijyb (D:3)
  3 worker ants (D:4)
  A hound skeleton (D:2)
  3 gnolls (D:4)
  4 adders
  A shadow imp (D:5)
  3 worms
  4 dart slugs
  4 leopard geckos
  14 orcs
  3 giant cockroaches
  4 hobgoblins
  4 jackals
  4 kobolds
  2 quokkas (D:4)
  4 ball pythons (D:3)
  5 bats
  A frilled lizard (D:3)
  3 goblins
  A leopard gecko skeleton (D:4)
  8 rats
89 creatures vanquished.

Vanquished Creatures (others)
  2 minotaurs (D:1)
  A draconian (D:1)
  A gargoyle (D:1)
  2 elves (D:1)
  A troll (D:1)
  A formicid (D:1)
  A naga (D:1)
  An ogre (D:1)
  A mummy (D:1)
  An orc (D:1)
  10 tentacles (D:1)
22 creatures vanquished.

Grand Total: 111 creatures vanquished

Notes
Turn   | Place    | Note
-------+----------+-------------------------------------------
     0 | D:1      | Caramio the Deep Dwarf Fighter began the quest for the Orb.
     0 | D:1      | Reached XP level 1. HP: 20/20 MP: 1/1
     0 | D:1      | Noticed a minotaur
     0 | D:1      | Noticed a draconian
     0 | D:1      | Noticed a naga
     0 | D:1      | Noticed a minotaur
     0 | D:1      | Noticed a kraken
     0 | D:1      | Noticed an elf
     0 | D:1      | Noticed an elf
     0 | D:1      | Noticed a troll
     0 | D:1      | Noticed a gargoyle
     0 | D:1      | Noticed an ogre
     0 | D:1      | Noticed a formicid
     0 | D:1      | 0 ||| counter = 5
     0 | D:1      | 0 ||| DRINKING potion of might.
     0 | D:1      | 0 ||| (Quaffed as a fallback buff.)
     4 | D:1      | Killed a formicid
     4 | D:1      | Killed a naga
     5 | D:1      | Killed an ogre
     5 | D:1      | Killed a troll
     5 | D:1      | Killed a gargoyle
     6 | D:1      | Killed an elf
     9 | D:1      | 9 ||| UPGRADING to pair of gloves.
    10 | D:1      | Killed a minotaur
    15 | D:1      | Killed an elf
    15 | D:1      | Killed a draconian
    15 | D:1      | Killed a minotaur
    16 | D:1      | 16 ||| Stepping ~*~*~tactically~*~*~ (hiding).
    17 | D:1      | 17 ||| Stepping ~*~*~tactically~*~*~ (stealth).
    18 | D:1      | 18 ||| Waiting for ranged monster.
    19 | D:1      | 19 ||| Waiting for ranged monster.
    20 | D:1      | 20 ||| Waiting for ranged monster.
    21 | D:1      | 21 ||| Waiting for ranged monster.
    22 | D:1      | 22 ||| Waiting for ranged monster.
    23 | D:1      | 23 ||| Waiting for ranged monster.
    27 | D:1      | 27 ||| Stepping ~*~*~tactically~*~*~ (stealth).
   128 | D:1      | 128 ||| Stepping ~*~*~tactically~*~*~ (hiding).
   129 | D:1      | 129 ||| Stepping ~*~*~tactically~*~*~ (hiding).
   130 | D:1      | 130 ||| Waiting for ranged monster.
   131 | D:1      | 131 ||| Waiting for ranged monster.
   132 | D:1      | 132 ||| Waiting for ranged monster.
   138 | D:1      | 138 ||| Waiting for ranged monster.
   250 | D:1      | Reached skill level 3 in Axes
   274 | D:1      | Reached XP level 2. HP: 22/27 MP: 2/2
   527 | D:1      | 527 ||| READING 2 scrolls labeled PIOTHR OHIDEDD.
   528 | D:1      | 528 ||| READING 2 scrolls labeled WIEM BOUP DUGU.
   529 | D:1      | 529 ||| DROPPING scroll of fog.
   530 | D:1      | 530 ||| DROPPING scroll of fear.
   586 | D:2      | Reached skill level 1 in Dodging
   649 | D:2      | 649 ||| Stepping ~*~*~tactically~*~*~ (stealth).
   650 | D:2      | 650 ||| Stepping ~*~*~tactically~*~*~ (stealth).
   661 | D:2      | Reached XP level 3. HP: 25/33 MP: 3/3
   708 | D:2      | Found a stormy altar of Qazlal.
   730 | D:2      | 730 ||| Stepping ~*~*~tactically~*~*~ (stealth).
   738 | D:2      | Reached skill level 4 in Axes
   760 | D:2      | 760 ||| Stepping ~*~*~tactically~*~*~ (stealth).
   786 | D:2      | 786 ||| Stepping ~*~*~tactically~*~*~ (stealth).
   789 | D:2      | 789 ||| Stepping ~*~*~tactically~*~*~ (stealth).
   790 | D:2      | 790 ||| Stepping ~*~*~tactically~*~*~ (stealth).
   792 | D:2      | 792 ||| Stepping ~*~*~tactically~*~*~ (stealth).
   793 | D:2      | 793 ||| Stepping ~*~*~tactically~*~*~ (stealth).
   794 | D:2      | 794 ||| Stepping ~*~*~tactically~*~*~ (stealth).
   803 | D:2      | 803 ||| Stepping ~*~*~tactically~*~*~ (stealth).
   821 | D:2      | 821 ||| Stepping ~*~*~tactically~*~*~ (hiding).
   822 | D:2      | 822 ||| Waiting for ranged monster.
   823 | D:2      | 823 ||| Waiting for ranged monster.
   824 | D:2      | 824 ||| Stepping ~*~*~tactically~*~*~ (hiding).
   841 | D:2      | Reached XP level 4. HP: 29/40 MP: 4/4
  1078 | D:2      | 1078 ||| Stepping ~*~*~tactically~*~*~ (stealth).
  1408 | D:2      | 1408 ||| READING 2 scrolls labeled ZUOREOGIF.
  1409 | D:2      | 1409 ||| UPGRADING to club.
  1410 | D:2      | 1410 ||| SWAPPING to +0 war axe.
  1411 | D:2      | 1411 ||| READING scroll labeled LOTOTOI BUSEUGA.
  1412 | D:2      | 1412 ||| DRINKING 2 silvery potions.
  1441 | D:3      | 1441 ||| Stepping ~*~*~tactically~*~*~ (stealth).
  1476 | D:3      | 1476 ||| DROPPING +0 club.
  1513 | D:3      | 1513 ||| DRINKING potion of might.
  1513 | D:3      | 1513 ||| (Quaffed as a fallback buff.)
  1515 | D:3      | Reached skill level 5 in Axes
  1530 | D:3      | 1530 ||| DROPPING +0 mace.
  1577 | D:3      | 1577 ||| Stepping ~*~*~tactically~*~*~ (stealth).
  1651 | D:3      | 1651 ||| Stepping ~*~*~tactically~*~*~ (stealth).
  1680 | D:3      | Noticed Ijyb
  1699 | D:3      | 1699 ||| DRINKING potion of heal wounds.
  1709 | D:3      | Killed Ijyb
  1709 | D:3      | Reached XP level 5. HP: 42/46 MP: 5/5
  1724 | D:3      | Reached skill level 6 in Axes
  1750 | D:3      | 1750 ||| Stepping ~*~*~tactically~*~*~ (hiding).
  1751 | D:3      | 1751 ||| Waiting for ranged monster.
  1752 | D:3      | 1752 ||| Waiting for ranged monster.
  1753 | D:3      | 1753 ||| Waiting for ranged monster.
  1754 | D:3      | 1754 ||| Waiting for ranged monster.
  1755 | D:3      | 1755 ||| Waiting for ranged monster.
  1758 | D:3      | 1758 ||| Waiting for ranged monster.
  1759 | D:3      | 1759 ||| Waiting for ranged monster.
  1915 | D:3      | 1915 ||| Stepping ~*~*~tactically~*~*~ (stealth).
  1971 | D:3      | 1971 ||| UPGRADING to embroidered scarf.
  1976 | D:3      | 1976 ||| REMOVING scarf of spirit shield.
  1981 | D:3      | 1981 ||| DROPPING scarf of spirit shield.
  2268 | D:3      | 2268 ||| READING scroll labeled VOSILIO EXYNN.
  2269 | D:3      | 2269 ||| DRINKING 2 white potions.
  2312 | D:4      | Noticed an ogre
  2321 | D:4      | Killed an ogre
  2321 | D:4      | Reached skill level 7 in Axes
  2321 | D:4      | Reached XP level 6. HP: 30/55 MP: 6/6
  2423 | D:4      | Noticed Sigmund
  2431 | D:4      | Killed Sigmund
  2431 | D:4      | Reached skill level 8 in Axes
  2431 | D:4      | Reached XP level 7. HP: 33/61 MP: 7/7
  2460 | D:4      | 2460 ||| INVOKING Heal Wounds.
  2471 | D:4      | 2471 ||| INVOKING Heal Wounds.
  2479 | D:4      | 2479 ||| UPGRADING to +1 scale mail of fire resistance.
  2489 | D:4      | 2489 ||| DROPPING +0 scale mail.
  2535 | D:4      | 2535 ||| Stepping ~*~*~tactically~*~*~ (hiding).
  2553 | D:4      | Reached skill level 3 in Fighting
  2744 | D:4      | Noticed Grinder
  2751 | D:4      | 2751 ||| INVOKING Heal Wounds.
  2754 | D:4      | Paralysed by Grinder for 4 turns
  2759 | D:4      | 2759 ||| INVOKING Heal Wounds.
  2766 | D:4      | Killed Grinder
  2766 | D:4      | Reached skill level 9 in Axes
  2897 | D:4      | 2897 ||| UPGRADING to thin malachite amulet.
  2898 | D:4      | 2898 ||| UPGRADING to brass ring.
  2899 | D:4      | 2899 ||| UPGRADING to tourmaline ring.
  2900 | D:4      | 2900 ||| UPGRADING to encrusted gilded ring.
  2902 | D:4      | 2902 ||| UPGRADING to ring of protection from cold.
  2904 | D:4      | 2904 ||| READING 2 scrolls of remove curse.
  2905 | D:4      | 2905 ||| REMOVING ring of attention.
  2906 | D:4      | 2906 ||| REMOVING amulet of inaccuracy.
  2907 | D:4      | 2907 ||| DROPPING amulet of inaccuracy.
  2908 | D:4      | 2908 ||| DROPPING ring of attention.
  2909 | D:4      | 2909 ||| UPGRADING to +2 ring of dexterity.
  3321 | D:4      | 3321 ||| EATING 8 rations.
  3403 | D:4      | 3403 ||| READING 2 scrolls labeled UMARU MERGHERADEY.
  3406 | D:4      | 3406 ||| READING scroll labeled DETEAG WOT.
  3450 | D:5      | Entered Level 5 of the Dungeon
  3559 | D:5      | HP: 10/62 [ogre/cursed -2 giant club (24)]
  3560 | D:5      | 3560 ||| READING scroll of teleportation.
  3560 | D:5      | Slain by an ogre

Levels and vault maps discovered:
D:1:      nicolae_arrival_kraken_aquarium_a, layout_loops_ring
D:2:      layout_basic, marbit_many_paths
D:3:      layout_basic, minmay_cupped, uniq_ijyb
D:4:      layout_basic, nicolae_overflow_hidden_temple, first_ration,
          chequers_serial_rivers_micro_b, uniq_grinder, uniq_sigmund
D:5:      gammafunk_steamed_eel, layout_basic, kennysheep_little_box,
          gammafunk_temple_overflow_statue

Skill      XL: |  1  2  3  4  5  6  7 |
---------------+----------------------+-----
Axes           | 3 4 5 7 8 9 |  9.3
Dodging        | 1 2 |  2.4
Shields        | 4 |  4.5
Fighting       | 3 |  3.0
Armour         | |  3.2

Action                   |  1- 3 |  4- 6 |  7- 9 || total
-------------------------+-------+-------+-------++-------
Melee: War axe           |    67 |   141 |    53 ||   261
 Abil: Heal Wounds       |       |       |     4 ||     4
  Use: Potion            |     1 |     4 |       ||     5
       Scroll            |     2 |     3 |     4 ||     9
  Eat: Chunk             |       |     5 |     2 ||     7
       Ration            |       |       |     1 ||     1
Armor: Scale mail        |    26 |    53 |    14 ||    93
Dodge: Dodged            |    19 |    47 |    20 ||    86
Block: Shield            |    27 |    77 |    34 ||   138

Table legend:
 A = Non-vault XP
 B = Vault XP
 C = Vault XP percentage of total XP
 D = Non-vault monster count
 E = Vault monster count
 F = Vault count percentage of total count
                 A         B        C        D         E       F
            +---------+---------+-------+---------+---------+-------
      Total |     862 |     544 |  38.7 |      83 |       6 |   6.7
            +---------+---------+-------+---------+---------+-------
        D:1 |      18 |       0 |   0.0 |       9 |       0 |   0.0
        D:2 |      84 |       1 |   1.2 |      21 |       1 |   4.5
        D:3 |     164 |      42 |  20.4 |      28 |       3 |   9.7
        D:4 |     585 |     501 |  46.1 |      24 |       2 |   7.7
        D:5 |      11 |       0 |   0.0 |       1 |       0 |   0.0
            +---------+---------+-------+---------+---------+-------
